 Dungeon Crawl Stone Soup version 0.22-a0-429-g97ce8ef (webtiles) character file.

14 Gorglomux the Ducker (level 2, 0/16 HPs)
             Began as a Spriggan Berserker on May 25, 2018.
             Slain by a polar bear (1 damage)
             ... created by the rage of Trog
             ... on level 1 of the Dungeon.
             The game lasted 00:00:30 (320 turns).

Gorglomux the Ducker (Spriggan Berserker)            Turns: 320, Time: 00:00:30

Health: 0/16       AC:  2    Str: 13    XL:     2   Next: 31%
Magic:  3/3        EV: 19    Int:  8    God:
Gold:   8          SH:  0    Dex: 15    Spells: 1/1 levels left

rFire    . . .     SeeInvis +   a - +0 short sword
rCold    . . .     Gourm    .   (shield restricted)
rNeg     . . .     Faith    .   b - +0 animal skin
rPois    .         Spirit   .   (helmet restricted)
rElec    .         Reflect  .   (no cloak)
rCorr    .         Harm     .   (gloves unavailable)
MR       .....                  (boots unavailable)
Stlth    ++........             (no amulet)
HPRegen  0.05/turn              (no ring)
MPRegen  0.08/turn              (no ring)

@: very quick
A: very small, unfitting armour, see invisible, herbivore, speed 3, slow
metabolism 2
a: no special abilities


You were on level 1 of the Dungeon.
You were not hungry.

You visited 1 branch of the dungeon, and saw 1 of its levels.

You collected 8 gold pieces.

Inventory:

Hand Weapons
 a - a +0 short sword (weapon)
Armour
 b - a +0 animal skin (worn)
Scrolls
 e - a scroll of remove curse {unknown}
Potions
 d - a potion of mutation {unknown}
Comestibles
 c - 2 rations


   Skills:
 - Level 2.4 Fighting
 - Level 3.2 Short Blades
 - Level 4.4 Dodging
 + Level 3.4 Stealth


You had one spell level left.
You didn't know any spells.
Your spell library was empty.

Dungeon Overview and Level Annotations

Branches:
Dungeon (1/15)

Altars:


Innate Abilities, Weirdness & Mutations

You are very small and have problems with some larger weapons.
You are too small for most types of armour.
You have supernaturally acute eyesight. (SInv)
You are a herbivore.
You cover ground extremely quickly.
You need to consume almost no food.


Message History

The black bear is lightly wounded!
The black bear bites you! The black bear completely misses you!
The black bear butts you!
Butt are too injured to fight recklessly!!!
Unknown command!
You are too injured to fight recklessly!!!
Unknown command!
Butt are too injured to fight recklessly!!!
Unknown command!
You are too injured to fight recklessly!!!
You skewer the black bear but do no damage!
The black bear is lightly wounded!
The polar bear closely butts you!
The polar bear claws you! * * * don't die
* * * The polar bear misses you!
You spit the polar butt but do no damage!
The polar bear barely misses you! The polar bear closely misses you!
The polar bear claws you but does no damage!
The polar bear misses you! The polar bear claws you! rip

###############.#
................#
###################
..................#
#################.# ...†####.#
#.############# .........#
#.............#
....####.############.........#
....# #>.....hh@h..+.........+
....# #.############.........#
....# #.# #....)....## ###.#
##.#### #..........#
###'###.....# ########....#
.........##.########...####....#
...................+......'....+
........#######.####...####....#
.............#....(....# #....#


You could see 2 polar bears and a black bear (berserk).

Vanquished Creatures
  An ooze (D:1)
  2 bats (D:1)
  2 giant cockroaches (D:1)
  2 goblins (D:1)
  A kobold (D:1)
  A rat (D:1)
9 creatures vanquished.

Notes
Turn   | Place    | Note
-------+----------+-------------------------------------------
     0 | D:1      | Gorglomux the Spriggan Berserker began the quest for the Orb.
     0 | D:1      | Reached XP level 1. HP: 11/11 MP: 2/2
    76 | D:1      | Fell from the grace of Trog
    84 | D:1      | Reached skill level 1 in Stealth
   157 | D:1      | Reached skill level 3 in Stealth
   157 | D:1      | Reached XP level 2. HP: 5/16 MP: 3/3
   317 | D:1      | Noticed a polar bear
   317 | D:1      | Noticed a black bear
   317 | D:1      | Noticed a polar bear
   320 | D:1      | Slain by a polar bear

Vault maps used:
D:1:      wheals_arrival_linesprint

Skill      XL: |  1 |
---------------+----+-----
Stealth        | 3 |  3.4
Fighting       | |  2.4
Short Blades   | |  3.2
Dodging        | |  4.4

Action                   || total
-------------------------++-------
Melee: Short sword       ||    24
Invok: Renounce Religion ||     1
 Stab: Sleeping          ||     4
Armor: Animal skin       ||     4
Dodge: Dodged            ||    15

Table legend:
 A = Spawn XP
 B = Non-spawn XP
 C = Spawn XP percentage of total XP
 D = Spawn monster count
 E = Non-spawn monster count
 F = Spawn count percentage of total count
 G = Total turns spent on level
                    A         B        C        D         E        F      G
               +---------+---------+-------+---------+---------+-------+---------
         Total |       0 |      21 |   0.0 |       0 |       9 |   0.0 |   320
               +---------+---------+-------+---------+---------+-------+---------
           D:1 |       0 |      21 |   0.0 |       0 |       9 |   0.0 |   320
               +---------+---------+-------+---------+---------+-------+---------
